 Dungeon Crawl Stone Soup version 0.31-a0-986-g5e6e4ef867 (webtiles) character file.

Game seed: 3185384677405147187

4876 lessens the Nimble (level 10, -10/79 HPs)
             Began as a Gnoll Gladiator on Nov 8, 2023.
             Was a Follower of Qazlal.
             Mangled by a two-headed ogre
             ... wielding a +0 great mace
              (25 damage)
             ... on level 8 of the Dungeon.
             The game lasted 00:10:10 (8255 turns).

lessens the Nimble (Gnoll Gladiator)                Turns: 8255, Time: 00:10:11

Health: -10/79     AC: 12    Str: 20    XL:     10   Next: 50%
Magic:  18/18      EV: 16    Int:  7    God:    Qazlal [*.....]
Gold:   565        SH:  1    Dex: 20    Spells: 19/19 levels left

rFire   + . .        a - +0 war axe
rCold   . . .        (no shield)
rNeg    . . .        k - +0 ring mail
rPois   +            p - +2 helmet
rElec   .            (no cloak)
rCorr   .            F - +1 pair of gloves of Daffodils {rPois rF+ Will+ Str+2}
SInv    .            i - +0 pair of boots
Will    +....        q - amulet of the acrobat
Stlth   +++          l - +6 ring of dexterity
HPRegen 0.33/turn    (no ring)
MPRegen 0.16/turn

%: acrobat
@: no status effects
A: fangs 1, strong nose, distributed training
a: Renounce Religion


You were on level 8 of the Dungeon.
You worshipped Qazlal.
Qazlal was aware of your devotion.
You visited 1 branch of the dungeon, and saw 8 of its levels.

You collected 565 gold pieces.

Inventory:

Hand Weapons
 a - a +0 war axe (weapon)
 D - a +2 hand axe of flaming
Missiles
 d - 2 throwing nets
 e - a javelin
 g - 54 stones
 v - 8 boomerangs
 x - 8 poisoned darts (quivered)
Armour
 i - a +0 pair of boots (worn)
 k - a +0 ring mail (worn)
 p - a +2 helmet (worn)
 F - the +1 pair of gloves of Daffodils (worn) {rPois rF+ Will+ Str+2}
   (You found it on level 5 of the Dungeon)

   Str+2:     It affects your strength (+2).
   rF+:       It protects you from fire.
   rPois:     It protects you from poison Will+: It increases your willpower.
Jewellery
 l - a +6 ring of dexterity (left hand)
 q - an amulet of the acrobat (around neck)
 G - a +6 ring of intelligence
Wands
 b - a wand of light (14)
 o - a wand of polymorph (2)
 C - a wand of iceblast (1)
 I - a wand of flame (11)
 J - a wand of paralysis (6)
Scrolls
 c - a scroll of butterflies {unknown}
 m - 2 scrolls of identify
 n - a scroll of amnesia
 r - 2 scrolls of vulnerability
 u - 4 scrolls of fear
 w - 3 scrolls of teleportation {unknown}
 y - a scroll of revelation {unknown}
 B - a scroll of torment {unknown}
Potions
 f - 2 potions of invisibility
 h - 2 potions of curing
 j - a potion of ambrosia {unknown}
 s - a potion of lignification
 t - a potion of attraction {unknown}
 z - 2 potions of haste
 A - a potion of heal wounds {unknown}
 E - 2 potions of brilliance {unknown}
 H - a potion of mutation {unknown}


   Skills:
 + Level 7.2 Fighting
 + Level 5.4 Short Blades
 + Level 5.4 Long Blades
 + Level 8.6 Axes
 + Level 5.4 Maces & Flails
 + Level 5.4 Polearms
 + Level 5.4 Staves
 + Level 5.4 Ranged Weapons
 + Level 7.2 Throwing
 + Level 5.4 Armour
 + Level 8.6 Dodging
 + Level 5.4 Stealth
 + Level 5.4 Shields
 + Level 5.4 Unarmed Combat
 + Level 5.4 Spellcasting
 + Level 4.5 Conjurations
 + Level 4.5 Hexes
 + Level 4.5 Summonings
 + Level 4.5 Necromancy
 + Level 4.5 Translocations
 + Level 4.5 Transmutations
 + Level 4.5 Fire Magic
 + Level 4.5 Ice Magic
 + Level 4.5 Air Magic
 + Level 4.5 Earth Magic
 + Level 4.5 Poison Magic
 + Level 6.0 Invocations
 + Level 5.4 Evocations
 + Level 4.9 Shapeshifting


You had 19 spell levels left.
You didn't know any spells.
Your spell library contained the following spells:

 Spells                   Type           Power      Damage    Failure   Level
 Blink                    Tloc           16%        N/A       11%         2
 Lesser Beckoning         Tloc           16%        N/A       11%         2
 Momentum Strike          Conj/Tloc      16%        3d8       11%         2
 Call Canine Familiar     Summ           8%         N/A       21%         3
 Sigil of Binding         Hex            8%         N/A       21%         3
 Cause Fear               Hex            4%         N/A       56%         4
 Dimensional Bullseye     Hex/Tloc       4%         N/A       56%         4
 Leda's Liquefaction      Hex/Erth       4%         N/A       56%         4
 Summon Lightning Spire   Summ/Air       8%         N/A       56%         4
 Fireball                 Conj/Fire      4%         3d4       88%         5
 Haunt                    Necr/Summ      4%         N/A       100%        7
 Summon Hydra             Summ           4%         N/A       100%        7
 Dragon's Call            Summ           4%         N/A       100%        9


Dungeon Overview and Level Annotations

Branches:
Dungeon (8/15) Zot: 26675  Temple (0/1) D:5            Lair (0/5) D:8

Altars:
Cheibriados
Hepliaklqana
Okawaru
Qazlal
Sif Muna
Uskayaw
Wu Jian
Yredelemnul
Zin


Innate Abilities, Weirdness & Mutations

You have very sharp teeth.
Your uncanny sense of smell can sniff out nearby items.
Your experience applies equally to all skills.


Message History

The poisoned dart completely misses the two-headed ogre.
Throw: 12 darts (poison)
Press: ? - help, Q - select action, (/) - cycle Shift-Dir - straight line, f/p - two-headed ogre
Aim: a two-headed ogre, wielding a +0 great mace and a +0 giant club (79% to hit)
You throw a poisoned dart.
The poisoned dart hits the two-headed ogre.
Throw: 11 darts (poison)
Press: ? - help, Q - select action, (/) - cycle Shift-Dir - straight line, f/p - two-headed ogre
Aim: a two-headed ogre, wielding a +0 great mace and a +0 giant club (79% to hit)
You throw a poisoned dart.
The poisoned dart barely misses the two-headed ogre.
Throw: 10 darts (poison)
Press: ? - help, Q - select action, (/) - cycle Shift-Dir - straight line, f/p - two-headed ogre
Aim: a two-headed ogre, wielding a +0 great mace and a +0 giant club (79% to hit)
You throw a poisoned dart.
The poisoned dart hits the two-headed ogre!
The two-headed ogre is poisoned.
Throw: 9 darts (poison)
Press: ? - help, Q - select action, (/) - cycle Shift-Dir - straight line, f/p - two-headed ogre
Aim: a two-headed ogre, wielding a +0 great mace and a +0 giant club (lightly wounded, very poisoned, 79% to hit)
You throw a poisoned dart.
The poisoned dart hits the two-headed ogre.
The two-headed ogre looks as sick as possible!
The two-headed ogre is lightly wounded.
You slash the two-headed ogre!
The two-headed ogre is moderately wounded.
The two-headed ogre hits you with a +0 great mace!
The two-headed ogre hits you with a +0 giant club.
You slash the two-headed ogre! You bite the two-headed ogre.
The two-headed ogre is severely wounded.
You hit the two-headed ogre.
The two-headed ogre is severely wounded.
The two-headed ogre hits you with a +0 great mace!!
The two-headed ogre hits you with a +0 giant club!
You slash the two-headed ogre! Your bite misses the two-headed ogre.
The two-headed ogre is severely wounded.
The two-headed ogre hits you with a +0 great mace!!
* * * LOW HITPOINT WARNING * * *
The two-headed ogre hits you with a +0 giant club!!
You die...

........# ........#
#...........
........#
#...........
........#
#...........
#########
#...........
#>..........
#...........
#...........
#########
#...@O(.....
..#.....###
##'####((...
........PP###.....#
..(
.....P.P...P#.....+
∆.
....P...P.........#
...P.....P.P.#...##
†....P........####
.....####.PP.P#
.....#[>#...P.##


You could see a two-headed ogre (very poisoned).

Vanquished Creatures
  Erica (D:8)
  A swamp dragon (D:6)
  An elephant (D:8)
  A rime drake (D:7)
  A steam dragon (D:6)
  A yak (D:8)
  Menkaure (D:7)
  A water moccasin (D:8)
  4 black bears
  2 sky beasts (D:7)
  3 ice beasts
  An ogre (D:5)
  A tengu (D:6)
  The ghost of shade12474890 the Ducker, an amateur DjGl (D:4)
  3 centaurs (D:7)
  A phantom (D:4)
  2 bullfrogs
  3 scorpions
  A water moccasin zombie (D:4)
  5 wights (D:6)
  A howler monkey (D:7)
  4 hounds
  2 orc priests (D:3)
  A sleepcap (D:7)
  10 iguanas
  3 orc wizards
  4 adders
  3 white imps
  An adder zombie (D:4)
  2 worms
  4 dart slugs
  21 orcs
  7 ball pythons
  3 bats (D:1)
  4 endoplasms
  5 giant cockroaches
  8 goblins
  7 hobgoblins
  3 jackals (D:2)
  A quokka (D:2)
  2 frilled lizards (D:1)
  6 kobolds
  11 rats
148 creatures vanquished.

Notes
Turn   | Place    | Note
-------+----------+-------------------------------------------
     0 | D:1      | lessens the Gnoll Gladiator began the quest for the Orb.
     0 | D:1      | Reached XP level 1. HP: 20/20 MP: 1/1
    64 | D:1      | Reached XP level 2. HP: 24/26 MP: 2/2
   610 | D:1      | Reached XP level 3. HP: 31/31 MP: 3/3
  1101 | D:2      | Reached skill level 1 in Invocations
  1121 | D:2      | Reached skill level 1 in Short Blades
  1121 | D:2      | Reached skill level 1 in Long Blades
  1121 | D:2      | Reached skill level 1 in Maces & Flails
  1121 | D:2      | Reached skill level 1 in Polearms
  1121 | D:2      | Reached skill level 1 in Staves
  1121 | D:2      | Reached skill level 1 in Ranged Weapons
  1121 | D:2      | Reached skill level 1 in Armour
  1121 | D:2      | Reached skill level 1 in Stealth
  1121 | D:2      | Reached skill level 1 in Shields
  1121 | D:2      | Reached skill level 1 in Unarmed Combat
  1121 | D:2      | Reached skill level 1 in Spellcasting
  1121 | D:2      | Reached skill level 1 in Evocations
  1285 | D:2      | Reached XP level 4. HP: 38/38 MP: 5/5
  1304 | D:2      | Reached skill level 1 in Shapeshifting
  1311 | D:2      | Noticed Sigmund
  1443 | D:2      | Found a hide-covered altar of Uskayaw.
  1499 | D:2      | Sigmund changed into Sigmund the hound
  1499 | D:2      | Noticed Sigmund
  1510 | D:2      | Killed Sigmund the hound
  1511 | D:2      | Reached skill level 1 in Conjurations
  1511 | D:2      | Reached skill level 1 in Hexes
  1511 | D:2      | Reached skill level 1 in Summonings
  1511 | D:2      | Reached skill level 1 in Necromancy
  1511 | D:2      | Reached skill level 1 in Translocations
  1511 | D:2      | Reached skill level 1 in Transmutations
  1511 | D:2      | Reached skill level 1 in Fire Magic
  1511 | D:2      | Reached skill level 1 in Ice Magic
  1511 | D:2      | Reached skill level 1 in Air Magic
  1511 | D:2      | Reached skill level 1 in Earth Magic
  1511 | D:2      | Reached skill level 1 in Poison Magic
  2078 | D:3      | Reached XP level 5. HP: 27/43 MP: 5/7
  2696 | D:3      | Found a faded altar of an unknown god.
  3074 | D:4      | Reached XP level 6. HP: 43/50 MP: 8/8
  3197 | D:4      | Reached skill level 5 in Fighting
  3197 | D:4      | Reached skill level 5 in Throwing
  3317 | D:4      | Found a runed translucent gate.
  3317 | D:4      | Found a runed translucent gate.
  3317 | D:4      | Found a runed translucent gate.
  3317 | D:4      | Noticed shade12474890's ghost (amateur DjGl)
  3319 | D:4      | Found a basalt altar of Yredelemnul.
  3405 | D:4      | Killed shade12474890's ghost
  3406 | D:4      | Reached XP level 7. HP: 32/56 MP: 10/10
  3579 | D:4      | Found a stormy altar of Qazlal.
  3592 | D:4      | Became a worshipper of Qazlal Stormbringer
  3698 | D:4      | Found a hazy altar of Hepliaklqana.
  4078 | D:5      | Entered Level 5 of the Dungeon
  4365 | D:5      | Identified the +1 pair of gloves of Daffodils {rPois rF+
                  | Will+ Str+2}
  4554 | D:5      | Found a snail-covered altar of Cheibriados.
  4623 | D:5      | Found a staircase to the Ecumenical Temple.
  4663 | D:5      | Reached XP level 8. HP: 63/63 MP: 12/12
  5938 | D:6      | Noticed a two-headed ogre
  5951 | D:6      | Reached XP level 9. HP: 67/69 MP: 14/14
  5951 | D:6      | a two-headed ogre changed into a swamp dragon
  5951 | D:6      | Noticed a swamp dragon
  5975 | D:6      | Killed a swamp dragon
  5987 | D:6      | Reached * piety under Qazlal
  6196 | D:6      | Found an iron altar of Okawaru.
  6198 | D:6      | Found a glowing silver altar of Zin.
  6352 | D:7      | Noticed Menkaure
  6542 | D:7      | Killed Menkaure
  6937 | D:7      | Reached skill level 5 in Invocations
  7224 | D:7      | Noticed a hornet
  7229 | D:7      | a hornet changed into a rime drake
  7229 | D:7      | Noticed a rime drake
  7235 | D:7      | Killed a rime drake
  7254 | D:7      | Reached XP level 10. HP: 56/77 MP: 17/17
  7539 | D:7      | Reached skill level 5 in Short Blades
  7539 | D:7      | Reached skill level 5 in Long Blades
  7539 | D:7      | Reached skill level 5 in Maces & Flails
  7539 | D:7      | Reached skill level 5 in Polearms
  7539 | D:7      | Reached skill level 5 in Staves
  7539 | D:7      | Reached skill level 5 in Ranged Weapons
  7539 | D:7      | Reached skill level 5 in Armour
  7539 | D:7      | Reached skill level 5 in Stealth
  7539 | D:7      | Reached skill level 5 in Shields
  7539 | D:7      | Reached skill level 5 in Unarmed Combat
  7539 | D:7      | Reached skill level 5 in Spellcasting
  7539 | D:7      | Reached skill level 5 in Evocations
  7682 | D:7      | Found a shimmering blue altar of Sif Muna.
  7739 | D:7      | Found an ornate altar of the Wu Jian Council.
  7935 | D:8      | Identified the of Hinata
  7935 | D:8      | Noticed Erica
  7945 | D:8      | Killed Erica
  7976 | D:8      | Noticed an elephant
  8010 | D:8      | Killed an elephant
  8199 | D:8      | Found a staircase to the Lair.
  8246 | D:8      | Noticed a two-headed ogre
  8255 | D:8      | Mangled by a two-headed ogre

Illustrated notes

Levels and vault maps discovered:
D:1:      nzn_arrival_settlement, layout_basic, minmay_misc_feat_doors
D:2:      layout_basic, basic_altar, uniq_sigmund
D:3:      layout_basic, shapermc_ecumenical_altar_acropolis, minmay_hedge_maze,
          grunt_ministairs_14
D:4:      layout_basic, mainiacjoe_overflow_small_starburst,
          nicolae_qazlal_scattered_showers, nicolae_yredelemnul_ghost_church
D:5:      layout_loops_ring, kennysheep_slug_shrine, minmay_temple_entry_glass
D:6:      layout_rooms, jmf_multi_god_temple, minmay_small_thing
D:7:      layout_basic, general_overflow_altar, nicolae_overflow_hidden_temple,
          uniq_menkaure
D:8:      layout_gridville, grunt_lair_entry_orc_guard_hut, hangedman_ranch,
          uniq_erica

Skill      XL: |  1  2  3  4  5  6  7  8  9 10 |
---------------+-------------------------------+-----
Invocations    | 1 2 3 4 5 6 |  6.0
Short Blades   | 1 2 3 4 5 |  5.4
Long Blades    | 1 2 3 4 5 |  5.4
Maces & Flails | 1 2 3 4 5 |  5.4
Polearms       | 1 2 3 4 5 |  5.4
Staves         | 1 2 3 4 5 |  5.4
Ranged Weapons | 1 2 3 4 5 |  5.4
Armour         | 1 2 3 4 5 |  5.4
Stealth        | 1 2 3 4 5 |  5.4
Shields        | 1 2 3 4 5 |  5.4
Unarmed Combat | 1 2 3 4 5 |  5.4
Spellcasting   | 1 2 3 4 5 |  5.4
Evocations     | 1 2 3 4 5 |  5.4
Shapeshifting  | 1 2 3 4 |  4.9
Conjurations   | 1 2 3 4 |  4.5
Hexes          | 1 2 3 4 |  4.5
Summonings     | 1 2 3 4 |  4.5
Necromancy     | 1 2 3 4 |  4.5
Translocations | 1 2 3 4 |  4.5
Transmutations | 1 2 3 4 |  4.5
Fire Magic     | 1 2 3 4 |  4.5
Ice Magic      | 1 2 3 4 |  4.5
Air Magic      | 1 2 3 4 |  4.5
Earth Magic    | 1 2 3 4 |  4.5
Poison Magic   | 1 2 3 4 |  4.5
Fighting       | 5 6 7 |  7.2
Throwing       | 5 6 7 |  7.2
Axes           | 7 8 |  8.6
Dodging        | 7 8 |  8.6

Action                     |  1- 3 |  4- 6 |  7- 9 | 10-12 || total
---------------------------+-------+-------+-------+-------++-------
  Melee: War axe           |    71 |   170 |   284 |    75 ||   600
         Punch             |     2 |     3 |     8 |     3 ||    16
         Bite              |     5 |    14 |    34 |    13 ||    66
  Throw: Dart              |       |       |     8 |     5 ||    13
         Boomerang         |       |       |    14 |       ||    14
         Throwing net      |       |       |     2 |       ||     2
         Javelin           |       |       |     1 |       ||     1
  Evoke: Wand              |       |     3 |     8 |     2 ||    13
    Use: Scroll            |       |       |     6 |       ||     6
         Potion            |       |       |     3 |       ||     3
   Stab: Sleeping          |     2 |     2 |     1 |       ||     5
         Distracted        |       |       |     1 |       ||     1
         Held in net/web   |       |       |     1 |       ||     1
         Invisible         |       |       |       |     2 ||     2
 Armour: Leather armour    |    29 |       |       |       ||    29
         Ring mail         |     9 |   114 |   199 |    63 ||   385
         Skin              |       |       |    83 |       ||    83
  Dodge: Dodged            |    43 |   116 |   272 |    82 ||   513
  Block: Other             |       |       |     5 |     3 ||     8

Table legend: (Time is in decaauts)
 A = Elapsed time spent in this place.
 B = Non-inter-level travel time spent in this place.
 C = Inter-level travel time spent in this place.
 D = Time resting spent in this place.
 E = Time spent auto-exploring this place.
 F = Levels seen in this place.
 G = Mean time per level.
                   A        B        C        D        E       F      G
               +--------+--------+--------+--------+--------+-----+--------+
         Total |   8343 |   8029 |    314 |     57 |   6513 |   8 | 1042.9 |
       Dungeon |   8343 |   8029 |    314 |     57 |   6513 |   8 | 1042.9 |
               +--------+--------+--------+--------+--------+-----+--------+

Top non-repeatable levels by time:
     D:7: 1547 daAuts
     D:6: 1447 daAuts
     D:4: 1286 daAuts
     D:2: 1097 daAuts
     D:3: 1034 daAuts
     D:1: 898 daAuts
     D:5: 808 daAuts
     D:8: 223 daAuts

Levels and vault maps discovered:
D:1:      nzn_arrival_settlement, layout_basic, minmay_misc_feat_doors
D:2:      layout_basic, basic_altar, uniq_sigmund
D:3:      layout_basic, shapermc_ecumenical_altar_acropolis, minmay_hedge_maze,
          grunt_ministairs_14
D:4:      layout_basic, mainiacjoe_overflow_small_starburst,
          nicolae_qazlal_scattered_showers, nicolae_yredelemnul_ghost_church
D:5:      layout_loops_ring, kennysheep_slug_shrine, minmay_temple_entry_glass
D:6:      layout_rooms, jmf_multi_god_temple, minmay_small_thing
D:7:      layout_basic, general_overflow_altar, nicolae_overflow_hidden_temple,
          uniq_menkaure
D:8:      layout_gridville, grunt_lair_entry_orc_guard_hut, hangedman_ranch,
          uniq_erica
